 Dungeon Crawl Stone Soup version 0.27-a0-931-g5a74e75d8f (webtiles) character file.

Game seed: 8412718571684803718

78 polve the Ruffian (level 4, -3/38 HPs)
             Began as a Draconian Transmuter on Apr 10, 2021.
             Slain by a gnoll
             ... wielding a +0 spear
              (10 damage)
             ... on level 2 of the Dungeon.
             The game lasted 00:02:02 (1719 turns).

polve the Ruffian (Draconian Transmuter)            Turns: 1719, Time: 00:02:03

Health: -3/38      AC:  5    Str: 12    XL:     4   Next: 15%
Magic:  6/7        EV: 12    Int: 15    God:
Gold:   78         SH:  0    Dex: 11    Spells: 2/7 levels left

rFire    . . .     SeeInvis .     - Unarmed
rCold    . . .     Faith    .   (no shield)
rNeg     . . .     Spirit   .   (armour unavailable)
rPois    .         Reflect  .   (helmet currently unavailable)
rElec    .         Harm     .   (no cloak)
rCorr    .         Rampage  .   (no gloves)
Will     .....                  (boots currently unavailable)
Stlth    +.........             (no amulet)
HPRegen  0.12/turn              (no ring)
MPRegen  0.10/turn              (no ring)

@: appendages
A: horns 2, talons 2, AC +5, unfitting armour, cold-blooded
a: End Transformation


You were on level 2 of the Dungeon.
You had temporarily grown beastly horns and talons.
You visited 1 branch of the dungeon, and saw 2 of its levels.

You collected 78 gold pieces.

Inventory:

Scrolls
 a - 2 scrolls of identify {unknown}
 b - a scroll of enchant armour {unknown}
 c - 2 scrolls of torment {unknown}
Potions
 d - a potion of brilliance {unknown}


   Skills:
 + Level 3.2 Fighting
 - Level 1.7 Dodging
 + Level 4.1 Unarmed Combat
 - Level 2.0 Spellcasting
 - Level 2.0 Transmutations


You had 2 spell levels left.
You knew the following spells:

 Your Spells              Type           Power      Damage    Failure   Level
a - Beastly Appendage     Tmut           14%        N/A       10%         1
b - Blink                 Tloc           N/A        N/A       32%         2
c - Wereblood             Tmut           7%         N/A       14%         2

Your spell library contained the following spells:

 Spells                   Type           Power      Damage    Failure   Level
 Magic Dart               Conj           4%         1d3       22%         1
 Call Imp                 Summ           1%         N/A       32%         2
 Slow                     Hex            1%         N/A       32%         2
 Spider Form              Tmut/Pois      2%         N/A       41%         3
 Conjure Flame            Conj/Fire      1%         6-21      54%         3
 Mephitic Cloud           Conj/Pois/Air  1%         N/A       54%         3
 Ice Form                 Ice/Tmut       4%         N/A       82%         4
 Hydra Form               Tmut           3%         N/A       95%         5


Dungeon Overview and Level Annotations

Branches:
Dungeon (2/15)

Altars:

Annotations:
D:2 Natasha


Innate Abilities, Weirdness & Mutations

You have temporarily grown beastly horns and talons.
Your plain brown scales are hard. (AC +5)
You cannot fit into any form of body armour.
You are cold-blooded and may be slowed by cold attacks.


Message History

The gnoll hits you from afar with a +0 spear!
The gnoll closely misses you.
A gnoll comes into view. It is wielding a +0 whip.
You are too injured to fight recklessly!
You are too injured to fight recklessly!
You are too injured to fight recklessly!
You are too injured to fight recklessly!
You are too injured to fight recklessly!
You are too injured to fight recklessly!
You are too injured to fight recklessly!
You are too injured to fight recklessly!
You are too injured to fight recklessly!
You are too injured to fight recklessly!
You are too injured to fight recklessly!
You are too injured to fight recklessly!
The gnoll shouts!
The bat hits you. The gnoll closely misses you. The bat misses you.
The bat barely misses you.
The gnoll hits you from afar with a +0 spear. x2
The goblin misses you. The gnoll misses you. The gnoll closely misses you.
You closely miss the bat. Your kick misses the bat.
Your headbutt misses the bat. The bat closely misses you. x2
Natasha closely misses you.
The gnoll hits you from afar with a +0 spear.
The goblin hits you but does no damage.
The gnoll hits you from afar with a +0 spear.
The gnoll barely misses you.
You barely miss the bat. You claw the bat.
The bat is severely wounded.
The bat hits you but does no damage. The bat barely misses you.
Natasha claws you but does no damage. The gnoll completely misses you.
The goblin closely misses you. The gnoll hits you but does no damage.
The gnoll hits you with a +0 spear!
* * * LOW HITPOINT WARNING * * *
You barely miss the bat. Your kick misses the bat.
Your tail-slap misses the bat.
The bat is severely wounded.
The bat misses you. The bat closely misses you. Natasha closely misses you.
The gnoll hits you from afar with a +0 spear!
You die...

#.........# #.
#.........#
####.###.......).#
#...............##
#.......###.....#
#......g# #....(#
#.>...gr# #.....#
#....ggg# #..#..#
#.....h@###.##..# ##
#.......b....#..#######.
###########....)#.......
#.........######
#..........#
#..........#
#.†........#
####†#..####.## #
#......## #..####


You could see Natasha, 4 gnolls, a goblin, a bat and a rat.

Vanquished Creatures
  4 adders (D:2)
  3 dart slugs (D:2)
  4 endoplasms
  A giant cockroach (D:2)
  9 hobgoblins
  A quokka (D:2)
  4 bats
  A frilled lizard (D:1)
  3 goblins
  2 kobolds
  A rat (D:2)
33 creatures vanquished.

Notes
Turn   | Place    | Note
-------+----------+-------------------------------------------
     0 | D:1      | polve the Draconian Transmuter began the quest for the Orb.
     0 | D:1      | Reached XP level 1. HP: 16/16 MP: 3/3
   419 | D:1      | Reached XP level 2. HP: 22/24 MP: 5/5
  1287 | D:2      | Reached XP level 3. HP: 30/30 MP: 4/6
  1290 | D:2      | Learned a level 2 spell: Blink
  1293 | D:2      | Learned a level 2 spell: Wereblood
  1397 | D:2      | Reached skill level 4 in Unarmed Combat
  1442 | D:2      | Reached XP level 4. HP: 22/38 MP: 5/7
  1710 | D:2      | Noticed Natasha
  1719 | D:2      | Slain by a gnoll

Illustrated notes

Levels and vault maps discovered:
D:1:      grunt_arrival_crossed_arrows, layout_basic
D:2:      layout_rooms, serial_shops, shop, minmay_pentomino_r4,
          uniq_crazy_yiuf_cottage, uniq_natasha

Skill      XL: |  1  2  3 |
---------------+----------+-----
Fighting       | 2 3 |  3.2
Unarmed Combat | 4 |  4.1
Dodging        | |  1.7
Spellcasting   | |  2.0
Transmutations | |  2.0

Action                   |  1- 3 |  4- 6 || total
-------------------------+-------+-------++-------
Melee: Unarmed           |    88 |    23 ||   111
       Tailslap          |     9 |     4 ||    13
       Kick              |     7 |     4 ||    11
       Headbutt          |     4 |       ||     4
 Cast: Beastly Appendage |     6 |     2 ||     8
 Stab: Sleeping          |     2 |       ||     2
Armor: Skin              |    18 |    11 ||    29
Dodge: Dodged            |    52 |    28 ||    80

Table legend: (Time is in decaauts)
 A = Elapsed time spent in this place.
 B = Non-inter-level travel time spent in this place.
 C = Inter-level travel time spent in this place.
 D = Time resting spent in this place.
 E = Time spent auto-exploring this place.
 F = Levels seen in this place.
 G = Mean time per level.
                   A        B        C        D        E       F      G
               +--------+--------+--------+--------+--------+-----+--------+
         Total |   1717 |   1702 |     15 |      0 |   1431 |   2 |  858.5 |
       Dungeon |   1717 |   1702 |     15 |      0 |   1431 |   2 |  858.5 |
               +--------+--------+--------+--------+--------+-----+--------+

Top non-repeatable levels by time:
     D:1: 1103 daAuts
     D:2: 614 daAuts
